PAAA
JERSEY CITY TRITONS @ SCRANTON SUPERNOVAS
09/03/2034
 
TOP OF THE 1ST
Jersey City Tritons batting - Pitching for Scranton Supernovas : RHP Gilberto Pontojá
Pitching: RHP Gilberto Pontojá
Batting: RHB Rubén Arce 0-0: Ball
1-0: Swinging Strike
1-1: Ball
2-1: Ball
3-1: Base on Balls
Batting: LHB Mathias Gudmestad 0-0: Ball
1-0: Fly out, F5 (Popup, 5SF)
Batting: RHB Phil Oostermeer 0-0: Ball
1-0: Ball
2-0: Called Strike
2-1: 2-RUN HOME RUN (Line Drive, 7LD), Distance : 368 ft
Batting: LHB Víctor Robledo 0-0: Called Strike
0-1: Foul Ball, location: 2F
0-2: Ball
1-2: Foul Ball, location: 2F
1-2: Fly out, F7 (Flyball, 7)
Batting: RHB Obi Jones 0-0: Ball
1-0: Called Strike
1-1: Ball
2-1: Ball
3-1: Base on Balls
Batting: RHB Micheal Lovell 0-0: Called Strike
0-1: Called Strike
0-2: Ball
1-2: Ball
2-2: Ball
3-2: Strikes out looking
Top of the 1st over - 2 runs, 1 hit, 0 errors, 1 left on base; Jersey City 2 - Scranton 0
BOTTOM OF THE 1ST
Scranton Supernovas batting - Pitching for Jersey City Tritons : LHP Marcos Beringel
Pitching: LHP Marcos Beringel
Batting: RHB Jesús Guzmán 0-0: Foul Ball, location: 2F
0-1: Ball
1-1: Fly out, F7 (Line Drive, 7LS)
Batting: RHB José Bravo 0-0: Called Strike
0-1: Foul Ball, location: 2F
0-2: Ground out 6-3 (Groundball, 6)
Batting: RHB Miguel Canales 0-0: Ball
1-0: DOUBLE (Groundball, 5L)
Batting: RHB Felipe Bruno 0-0: Called Strike
0-1: Swinging Strike
Balk!
Miguel Canales to third
0-2: Ball
1-2: Strikes out swinging
Bottom of the 1st over - 0 runs, 1 hit, 0 errors, 1 left on base; Jersey City 2 - Scranton 0
TOP OF THE 2ND
Jersey City Tritons batting - Pitching for Scranton Supernovas : RHP Gilberto Pontojá
Batting: RHB Wes Griffith 0-0: Fly out, F7 (Line Drive, 7S)
Batting: RHB Alfonso Morín 0-0: Swinging Strike
0-1: Foul Ball, location: 2F
0-2: Ball
1-2: Ball
2-2: Foul Ball, location: 2F
2-2: Foul Ball, location: 2F
2-2: Ball
3-2: Foul Ball, location: 2F
3-2: Foul Ball, location: 2F
3-2: Strikes out swinging
Batting: RHB Anastasio Hernández 0-0: Ball
1-0: Ball
2-0: Called Strike
2-1: Reached on error, E7 (Line Drive, 7)
Batting: RHB Rubén Arce 0-0: Swinging Strike
0-1: Ball
1-1: Ball
2-1: Ball
3-1: Swinging Strike
3-2: Base on Balls
Batting: LHB Mathias Gudmestad 0-0: Ball
1-0: Called Strike
1-1: Ball
2-1: Called Strike
2-2: Fly out, F9 (Flyball, 9LMF)
Top of the 2nd over - 0 runs, 0 hits, 1 error, 2 left on base; Jersey City 2 - Scranton 0
BOTTOM OF THE 2ND
Scranton Supernovas batting - Pitching for Jersey City Tritons : LHP Marcos Beringel
Batting: RHB José Rodríguez 0-0: Ball
1-0: Called Strike
1-1: Ball
2-1: Called Strike
2-2: Foul Ball, location: 2F
2-2: Ball
3-2: Base on Balls
Batting: LHB Chase Popoff 0-0: Called Strike
0-1: Swinging Strike
0-2: Strikes out swinging
Batting: RHB Senior Pond 0-0: Called Strike
0-1: Ball
1-1: Foul Ball, location: 2F
1-2: Ball
2-2: Ball
3-2: Foul Ball, location: 2F
3-2: Foul Ball, location: 2F
3-2: Grounds into double play, 6-4-3 (Groundball, 6)
Bottom of the 2nd over - 0 runs, 0 hits, 0 errors, 0 left on base; Jersey City 2 - Scranton 0
TOP OF THE 3RD
Jersey City Tritons batting - Pitching for Scranton Supernovas : RHP Gilberto Pontojá
Batting: RHB Phil Oostermeer 0-0: Ball
1-0: Ground out 4-3 (Groundball, 34)
Batting: LHB Víctor Robledo 0-0: Fly out, F7 (Flyball, 7)
Batting: RHB Obi Jones 0-0: Called Strike
0-1: Fly out, F9 (Flyball, 9)
Top of the 3rd over - 0 runs, 0 hits, 0 errors, 0 left on base; Jersey City 2 - Scranton 0
BOTTOM OF THE 3RD
Scranton Supernovas batting - Pitching for Jersey City Tritons : LHP Marcos Beringel
Batting: RHB António Canales 0-0: Fly out, F9 (Flyball, 9LSF)
Now in RF: Dani Durán
Batting: RHB Augusto Escobar 0-0: Ball
1-0: Called Strike
1-1: Ball
2-1: Fly out, F9 (Flyball, 89M)
Batting: RHB Jesús Guzmán 0-0: Ball
1-0: Ball
2-0: Called Strike
2-1: Fly out, F8 (Flyball, 78M)
Bottom of the 3rd over - 0 runs, 0 hits, 0 errors, 0 left on base; Jersey City 2 - Scranton 0
TOP OF THE 4TH
Jersey City Tritons batting - Pitching for Scranton Supernovas : RHP Gilberto Pontojá
Batting: RHB Micheal Lovell 0-0: Ball
1-0: Ball
2-0: Called Strike
2-1: Ground out 4-3 (Groundball, 4M)
Batting: RHB Dani Durán 0-0: Called Strike
0-1: Foul Ball, location: 2F
0-2: Ball
1-2: Foul Ball, location: 2F
1-2: Ball
2-2: Foul Ball, location: 2F
2-2: Ball
3-2: Foul Ball, location: 2F
3-2: Base on Balls
Batting: RHB Alfonso Morín 0-0: Called Strike
0-1: Ball
1-1: Ball
Dani Durán steals 2nd base
2-1: Ball
Dani Durán steals 3rd base
3-1: Foul Ball, location: 2F
3-2: Foul Ball, location: 2F
3-2: Fly out, F8 (Flyball, 8RXD)
Runner from 3rd tags up, SCORES, no throw
Batting: RHB Anastasio Hernández 0-0: Ground out 6-3 (Groundball, 56)
Top of the 4th over - 1 run, 0 hits, 0 errors, 0 left on base; Jersey City 3 - Scranton 0
BOTTOM OF THE 4TH
Scranton Supernovas batting - Pitching for Jersey City Tritons : LHP Marcos Beringel
Batting: RHB José Bravo 0-0: Ball
1-0: Ball
2-0: Foul Ball, location: 2F
2-1: Ground out 6-3 (Groundball, 6)
Batting: RHB Miguel Canales 0-0: Ball
1-0: Called Strike
1-1: Swinging Strike
1-2: Foul Ball, location: 2F
1-2: Ball
2-2: Strikes out looking
Batting: RHB Felipe Bruno 0-0: Ball
1-0: Ball
2-0: Foul Ball, location: 2F
2-1: Ball
3-1: Ground out U3 (Groundball, 34)
Bottom of the 4th over - 0 runs, 0 hits, 0 errors, 0 left on base; Jersey City 3 - Scranton 0
TOP OF THE 5TH
Jersey City Tritons batting - Pitching for Scranton Supernovas : RHP Gilberto Pontojá
Batting: RHB Rubén Arce 0-0: Ball
1-0: Ball
2-0: Ball
3-0: Called Strike
3-1: SINGLE (Groundball, 34S) (infield hit)
Batting: LHB Mathias Gudmestad 0-0: Bunted foul
0-1: Ball
1-1: Sac Bunt - play at first, batter safe!
Rubén Arce to second
Batting: RHB Phil Oostermeer 0-0: Called Strike
0-1: Ball
1-1: Ball
2-1: Ball
3-1: Foul Ball, location: 2F
3-2: Foul Ball, location: 2F
3-2: Strikes out looking
Batting: LHB Víctor Robledo 0-0: Ball
Wild Pitch!
Rubén Arce to third
Mathias Gudmestad to second
1-0: Ball
2-0: Ball
3-0: Ground out 4-3 (Groundball, 4M)
Rubén Arce scores
Mathias Gudmestad to third
Batting: RHB Obi Jones 0-0: Called Strike
0-1: Ground out 6-3 (Groundball, 6M)
Top of the 5th over - 1 run, 2 hits, 0 errors, 1 left on base; Jersey City 4 - Scranton 0
BOTTOM OF THE 5TH
Scranton Supernovas batting - Pitching for Jersey City Tritons : LHP Marcos Beringel
Batting: RHB José Rodríguez 0-0: Foul Ball, location: 2F
0-1: Foul Ball, location: 2F
0-2: Foul Ball, location: 2F
0-2: Ball
1-2: Foul Ball, location: 2F
1-2: Ball
2-2: Ball
3-2: Fly out, F8 (Flyball, 8RD)
Batting: LHB Chase Popoff 0-0: Foul Ball, location: 2F
0-1: Foul Ball, location: 2F
0-2: Fly out, F8 (Flyball, 8RS)
Batting: RHB Senior Pond 0-0: DOUBLE (Groundball, 5L)
Batting: RHB António Canales 0-0: Fly out, F9 (Line Drive, 9D)
Bottom of the 5th over - 0 runs, 1 hit, 0 errors, 1 left on base; Jersey City 4 - Scranton 0
TOP OF THE 6TH
Jersey City Tritons batting - Pitching for Scranton Supernovas : RHP Gilberto Pontojá
Batting: RHB Micheal Lovell 0-0: Ball
1-0: Fly out, F7 (Line Drive, 78D)
Batting: RHB Dani Durán 0-0: Ground out 1-3 (Groundball, P)
Batting: RHB Alfonso Morín 0-0: Ball
1-0: Ball
2-0: Foul Ball, location: 2F
2-1: Swinging Strike
2-2: Foul Ball, location: 2F
2-2: Ball
3-2: Strikes out swinging
Top of the 6th over - 0 runs, 0 hits, 0 errors, 0 left on base; Jersey City 4 - Scranton 0
BOTTOM OF THE 6TH
Scranton Supernovas batting - Pitching for Jersey City Tritons : LHP Marcos Beringel
Batting: RHB Augusto Escobar 0-0: Ball
1-0: Reached on error, E5 (Groundball, 56)
Batting: RHB Jesús Guzmán 0-0: Ball
1-0: Ball
2-0: Called Strike
2-1: Ball
3-1: Base on Balls
Batting: RHB José Bravo 0-0: Called Strike
0-1: Foul Ball, location: 2F
0-2: Foul Ball, location: 2F
0-2: Strikes out looking
Batting: RHB Miguel Canales 0-0: Called Strike
0-1: Ball
1-1: Ball
2-1: Fly out, F9 (Flyball, 9)
Batting: RHB Felipe Bruno 0-0: Foul Ball, location: 2F
0-1: Ball
1-1: Ball
2-1: Ground out 3-1 (Groundball, 34)
Bottom of the 6th over - 0 runs, 0 hits, 1 error, 2 left on base; Jersey City 4 - Scranton 0
TOP OF THE 7TH
Jersey City Tritons batting - Pitching for Scranton Supernovas : RHP Gilberto Pontojá
Batting: RHB Anastasio Hernández 0-0: Swinging Strike
0-1: Ball
1-1: Swinging Strike
1-2: SINGLE (Groundball, 6MD)
Pitching: RHP Norberto Concepción
Batting: RHB Rubén Arce 0-0: Sac Bunt - play at first, batter OUT! 5-3
Anastasio Hernández to second
Batting: LHB Mathias Gudmestad 0-0: Ball
1-0: Ball
2-0: Ball
Wild Pitch!
Anastasio Hernández to third
3-0: Base on Balls
Batting: RHB Phil Oostermeer 0-0: Ball
1-0: Ball
2-0: Ball
3-0: Called Strike
3-1: Reached on error, E4 (Groundball, 34)
Anastasio Hernández scores
Mathias Gudmestad to third
Batting: LHB Víctor Robledo 0-0: Called Strike
0-1: Ball
1-1: Swinging Strike
1-2: Ground out U3 (Groundball, 3S)
Batting: RHB Obi Jones 0-0: Called Strike
0-1: Ball
1-1: Ball
2-1: Swinging Strike
2-2: Foul Ball, location: 2F
2-2: Strikes out swinging
Top of the 7th over - 1 run, 1 hit, 1 error, 2 left on base; Jersey City 5 - Scranton 0
BOTTOM OF THE 7TH
Scranton Supernovas batting - Pitching for Jersey City Tritons : LHP Marcos Beringel
Batting: RHB José Rodríguez 0-0: Swinging Strike
0-1: Ball
1-1: Foul Ball, location: 2F
1-2: Foul Ball, location: 2F
1-2: Foul Ball, location: 2F
1-2: Ball
2-2: Ball
3-2: Foul Ball, location: 2F
3-2: Ground out 1-3 (Groundball, P)
Batting: LHB Chase Popoff 0-0: Ball
1-0: Swinging Strike
1-1: Foul Ball, location: 2F
1-2: Ball
2-2: Fly out, F3 (Line Drive, 3)
Batting: RHB Senior Pond 0-0: Ball
1-0: Ball
2-0: Ball
3-0: Called Strike
3-1: Base on Balls
Pitching: RHP Jesús Colón
Batting: RHB António Canales 0-0: Ball
1-0: SINGLE (Groundball, 56D)
Senior Pond to second
Batting: RHB Augusto Escobar 0-0: Called Strike
0-1: Foul Ball, location: 2F
0-2: Ball
1-2: Ball
2-2: Fly out, F7 (Flyball, 7LS)
Bottom of the 7th over - 0 runs, 1 hit, 0 errors, 2 left on base; Jersey City 5 - Scranton 0
TOP OF THE 8TH
Jersey City Tritons batting - Pitching for Scranton Supernovas : RHP Norberto Concepción
Batting: RHB Micheal Lovell 0-0: Ball
1-0: Ball
2-0: Called Strike
2-1: Swinging Strike
2-2: Foul Ball, location: 2F
2-2: Foul Ball, location: 2F
2-2: Hit by Pitch
Batting: RHB Dani Durán 0-0: Ball
1-0: Ball
2-0: Reached on error, E1 (Groundball, 15)
Micheal Lovell to second
Batting: RHB Alfonso Morín 0-0: Foul Ball, location: 2F
0-1: Foul Ball, location: 2F
0-2: Strikes out looking
Batting: RHB Anastasio Hernández 0-0: Called Strike
0-1: Called Strike
0-2: Ball
1-2: Foul Ball, location: 2F
1-2: Strikes out looking
Batting: RHB Rubén Arce 0-0: Called Strike
0-1: Ground out 6-3 (Groundball, 6M)
Top of the 8th over - 0 runs, 0 hits, 1 error, 2 left on base; Jersey City 5 - Scranton 0
BOTTOM OF THE 8TH
Scranton Supernovas batting - Pitching for Jersey City Tritons : RHP Jesús Colón
Batting: RHB Jesús Guzmán 0-0: Ball
1-0: Ball
2-0: Swinging Strike
2-1: Ball
3-1: Base on Balls
Batting: RHB José Bravo 0-0: Called Strike
0-1: Reached on error, E5 (Groundball, 5L)
Jesús Guzmán to second
Batting: RHB Miguel Canales 0-0: Ball
1-0: Foul Ball, location: 2F
1-1: Called Strike
1-2: SINGLE (Groundball, 56D)
Jesús Guzmán to third
José Bravo to second
Batting: RHB Felipe Bruno 0-0: Called Strike
0-1: Foul Ball, location: 2F
0-2: Ball
1-2: Foul Ball, location: 2F
1-2: Grounds into double play, 3-6-1 (Groundball, 34)
Jesús Guzmán scores
José Bravo to third
Batting: RHB José Rodríguez 0-0: Foul Ball, location: 2F
0-1: Ball
1-1: Swinging Strike
1-2: Ball
2-2: Ball
3-2: Foul Ball, location: 2F
3-2: Ground out U3 (Groundball, 34)
Bottom of the 8th over - 1 run, 1 hit, 1 error, 1 left on base; Jersey City 5 - Scranton 1
TOP OF THE 9TH
Jersey City Tritons batting - Pitching for Scranton Supernovas : RHP Norberto Concepción
Batting: LHB Mathias Gudmestad 0-0: Ball
1-0: Fly out, F9 (Flyball, 9LS)
Batting: RHB Phil Oostermeer 0-0: TRIPLE (Flyball, 9D)
Batting: LHB Víctor Robledo 0-0: Fly out, F9 (Flyball, 9D)
Runner from 3rd tags up, SCORES, throw made
Batting: RHB Obi Jones 0-0: Foul Ball, location: 2F
0-1: Ball
1-1: Foul Ball, location: 2F
1-2: Strikes out looking
Top of the 9th over - 1 run, 1 hit, 0 errors, 0 left on base; Jersey City 6 - Scranton 1
BOTTOM OF THE 9TH
Scranton Supernovas batting - Pitching for Jersey City Tritons : RHP Jesús Colón
Batting: LHB Chase Popoff 0-0: Foul Ball, location: 2F
0-1: Foul Ball, location: 2F
0-2: Strikes out looking
Batting: RHB Senior Pond 0-0: Ball
1-0: Called Strike
1-1: Swinging Strike
1-2: SOLO HOME RUN (Flyball, 7LD), Distance : 375 ft
Batting: RHB António Canales 0-0: Fly out, F3 (Line Drive, 34)
Batting: RHB Augusto Escobar 0-0: Called Strike
0-1: Ball
1-1: DOUBLE (Line Drive, 7LD)
Batting: RHB Jesús Guzmán 0-0: Fly out, F8 (Line Drive, 8RM)
Bottom of the 9th over - 1 run, 2 hits, 0 errors, 1 left on base; Jersey City 6 - Scranton 2
Friday, March 29th, 2019 - OOTP Baseball 18.8 Build 76